Unix NetHack Version 5.0.0-0 post-release - last build Jul 19 2026 19:10:59 (3aa4ab31751d3886436d94b585a96704892fd477,branch:main).

Game began 2026-07-21 22:13:37, ended 2026-07-21 22:20:22.

Jinnora, lawful female human Archeologist

                         --------
      ----------        #-......|       -----------
      |.....<..|        #|..>...|       |.........|
      |.........#       #|.......#      |.........|
      |........|#       #--------#      |.........|
      |........|#       #        )      |......{...#
      ------.-.-#       #        #      ..........|#
          ##### #       #        #      ------|----#
         ###    #       #        ##           #    ###
      ######   ##       #         #        ####      )
       #       #------- #         #    #####         #    ----------
      ##       #-.....| #         #   ##             #    |........|
      #         |......##         #  -.-----.######  #    |........|
  --+-|---      |{....|           #  |.......     ########.........|
  |......|      -------           #  |......|         ##  |........|
  |......|   ##                   #  |.......###       ###....o^)@.|
  |.......####                    ###.......|             |......f.|
  |......|                           --------             ----------
  --------

Jinnora the Digger         St:11 Dx:10 Co:16 In:15 Wi:17 Ch:10  Lawful
Dlvl:3  $:33 HP:0(20) Pw:6(6) AC:9  Xp:2/27 T:1045 

Latest messages:
 In what direction do you want to dig? [478932>] 2
 You start digging.
 You hit the rock with all your might.
 You make an opening in the wall.
 a - an uncursed +2 bullwhip (weapon in right hand).
 e - an uncursed +0 pick-axe (alternate weapon; not wielded).
 You miss the lichen.
 You kill the lichen!
 There is a doorway here.
 You see here a smoky potion.
 B - a smoky potion.
 You swap places with your kitten.
 You descend the stairs.
 e - an uncursed +0 pick-axe (weapon in right hand).
 a - an uncursed +2 bullwhip (alternate weapon; not wielded).
 The gnome lord shoots an arrow!
 An arrow misses you.
 a - an uncursed +2 bullwhip (weapon in right hand).
 e - an uncursed +0 pick-axe (alternate weapon; not wielded).
 The dwarf picks up a dagger.
 You kill the dwarf!
 Welcome to experience level 2.
 The kitten bites the dwarf.
 The dwarf wields a dagger!
 The kitten bites the dwarf.
 The dwarf thrusts her dagger at the kitten.
 The dwarf hits the kitten.
 You swap places with the peaceful dwarf.
 There is a branch staircase up to the Dungeons of Doom here.
 You see here an arrow.
 The gnome lord shoots 2 arrows!
 You are hit by the 1st arrow.
 You are hit by the 2nd arrow!
 C - a dagger.
 D - a hooded cloak.
 E - a red gem.
 There is a branch staircase up to the Dungeons of Doom here.
 You see here an arrow.
 The gnome lord swings his bow.
 The gnome lord hits!
 You lash the gnome lord.
 You lash the gnome lord.
 The gnome lord swings his bow.
 The gnome lord hits!
 You climb up the stairs.
 You hear the splashing of a naiad.
 The goblin throws a crude dagger!
 You are hit by a crude dagger.
 You die...
 Do you want your possessions identified? [ynq] (y) q

Inventory:
 Coins    ('$')
  $ - 33 gold pieces
 Weapons  (')')
  w - 8 uncursed +0 arrows
  z - 10 uncursed +0 ya
  C - an uncursed +0 dagger
  a - an uncursed +2 bullwhip (weapon in right hand)
 Armor    ('[')
  c - an uncursed +0 fedora (being worn)
  D - an uncursed +0 dwarvish cloak
  b - an uncursed +0 leather jacket (being worn)
 Comestibles  ('%')
  d - 4 uncursed food rations
  x - an uncursed lembas wafer
  k - an uncursed tripe ration
  r - an uncursed lichen corpse
 Scrolls  ('?')
  n - an uncursed scroll of enchant armor
  m - an uncursed scroll of magic mapping
  q - an uncursed scroll of remove curse
 Spellbooks  ('+')
  o - an uncursed spellbook of healing
  y - an uncursed spellbook of wizard lock
 Potions  ('!')
  B - a blessed potion of confusion
  p - 2 cursed potions of healing
 Wands    ('/')
  A - an uncursed wand of cancellation (0:7)
  u - an uncursed wand of light (0:12)
 Tools    ('(')
  h - an empty uncursed sack
  l - an uncursed expensive camera (0:68)
  i - an uncursed oil lamp
  t - an uncursed oil lamp
  e - an uncursed +0 pick-axe (alternate weapon; not wielded)
  s - a cursed tin whistle
  f - an uncursed tinning kit (0:93)
 Gems/Stones  ('*')
  E - an uncursed jasper stone
  g - an uncursed touchstone

Jinnora the Archeologist's attributes:

Background:
 You were a Digger, a level 2 female human Archeologist.
 You were lawful, on a mission for Quetzalcoatl
 who was opposed by Camaxtli (neutral) and Huhetotl (chaotic).
 You were right-handed.
 You were in the Dungeons of Doom, on level 3.
 You entered the dungeon 1045 turns ago.
 It was nighttime.
 You had 27 experience points, 13 more were needed to attain level 3.

Basics:
 You had 0 out of 20 hit points.
 You had all 6 energy points (spell power).
 Your armor class was 9.
 Your wallet contained 33 zorkmids.
 Autopickup was off.

Final Characteristics:
 Your strength was 11 (limit:18/100).
 Your dexterity was 10 (limit:18).
 Your constitution was 16 (limit:18).
 Your intelligence was 15 (limit:18).
 Your wisdom was 17 (limit:18).
 Your charisma was 10 (limit:18).

Final Status:
 You weren't hungry.
 You were unencumbered.
 You were wielding a whip.
 You had basic skill with whip.

Final Attributes:
 You were devoutly aligned.
 You had automatic searching.
 You were lucky.
 You are dead.

Miscellaneous:
 You didn't encounter any bones levels.
 Total elapsed playing time was 6 minutes and 45 seconds.

Major events:
 Turn
    1: Jinnora the lawful female human Archeologist entered the dungeon
  895: entered the Gnomish Mines
 1045: killed by an orcish dagger

You didn't know any spells.

Skills:
 Fighting Skills
   bare handed combat [Unskilled]
   two weapon combat  [Unskilled]
   riding             [Unskilled]
 Weapon Skills
   dagger             [Unskilled]
   knife              [Unskilled]
   pick-axe           [Basic]
   short sword        [Unskilled]
   saber              [Unskilled]
   club               [Unskilled]
   quarterstaff       [Unskilled]
   sling              [Unskilled]
   dart               [Unskilled]
   boomerang          [Unskilled]
   whip               [Basic]
   unicorn horn       [Unskilled]
 Spellcasting Skills
   attack spells      [Unskilled]
   healing spells     [Unskilled]
   divination spells  [Unskilled]
   matter spells      [Unskilled]

Voluntary challenges:
 Character rerolling was not enabled.
 You never genocided any monsters.
 You never polymorphed an object.
 You never changed form.
 You used no wishes.
Achievement:
 You entered the Gnomish Mines.

 The Dungeons of Doom: levels 1 to 4
    Level 1:
    Level 2:
       Some fountains, a grave.
    Level 3: <- You were here.
       Some fountains.
       Stairs down to The Gnomish Mines.
       Final resting place for
          you, killed by an orcish dagger.
    Level 4:
 The Gnomish Mines:
    Level 4:


Vanquished creatures:
  a dwarf
  a giant rat
  a gnome
  3 geckos
  4 jackals
  a fox
  a goblin
  2 sewer rats
  3 grid bugs
  2 lichens
  a kobold zombie
  a newt
21 creatures vanquished.

No species were genocided or became extinct.

Game over:
                       ----------
                      /          \
                     /    REST    \
                    /      IN      \
                   /     PEACE      \
                  /                  \
                  |     Jinnora      |
                  |      33 Au       |
                  |   killed by an   |
                  |  orcish dagger   |
                  |                  |
                  |                  |
                  |       2026       |
                 *|     *  *  *      | *
        _________)/\\_//(\/(/\)/\//\/|_)_______

Goodbye Jinnora the Archeologist...

You died in The Dungeons of Doom on dungeon level 3 with 298 points,
and 33 pieces of gold, after 1045 moves.
You were level 2 with a maximum of 20 hit points when you died.

